 Dungeon Crawl Stone Soup version 0.32-a0-818-gb728d0252e (webtiles) character file.

Game seed: 5277630415115930636

11183 runemasterragnar the Skirmisher (level 11, -7/86 HPs)
             Began as a Coglin Hunter on Mar 23, 2024.
             Was an Elder of Okawaru.
             Killed from afar by a steam dragon (13 damage)
             ... with a ball of steam
             ... on level 2 of the Lair of Beasts.
             The game lasted 00:15:30 (11596 turns).

runemasterragnar the Skirmisher (Coglin Hunter)    Turns: 11596, Time: 00:15:30

Health: -7/86      AC:  7    Str: 12    XL:     11   Next: 73%
Magic:  13/13      EV: 15    Int:  9    God:    Okawaru [****..]
Gold:   542        SH:  0    Dex: 21    Spells: 10/10 levels left

rFire   . . .        a - +2 sling {Kasem}
rCold   . . .        d - +0 sling {Pete}
rNeg    . . .        w - +2 leather armour {rPois}
rPois   +            (no helmet)
rElec   .            y - +0 cloak
rCorr   .            (no gloves)
SInv    .            A - +0 pair of boots
Will    .....        (amulet unavailable)
Stlth   ++++         (ring unavailable)
HPRegen 0.34/turn    (ring unavailable)
MPRegen 0.13/turn    (no gizmo)

%: no passive effects
@: revved
A: off-hand wielding, slow wielding, warmup strikes, no jewellery
a: Invent Gizmo, Renounce Religion, Heroism, Finesse


You were on level 2 of the Lair of Beasts.
You worshipped Okawaru.
Okawaru was greatly pleased with you.
You visited 3 branches of the dungeon, and saw 12 of its levels.

You collected 542 gold pieces.

Inventory:

Hand Weapons
 a - a +2 sling (weapon) {Kasem}
 d - a +0 sling (offhand) {Pete}
Armour
 c - a +0 leather armour
 w - a +2 leather armour of poison resistance (worn)
 y - a +0 cloak (worn)
 A - a +0 pair of boots (worn)
 G - +0 acid dragon scales
Wands
 o - a wand of warping (8)
 C - a wand of mindburst (3)
Scrolls
 b - a scroll of butterflies
 g - a scroll of torment
 h - a scroll of amnesia
 i - a scroll of silence {unknown}
 j - 3 scrolls of fear
 m - a scroll of noise
 q - a scroll of vulnerability
 r - 3 scrolls of revelation
 s - a scroll of blinking {unknown}
 v - a scroll of brand weapon {unknown}
 z - a scroll of poison
 B - a scroll of immolation
Potions
 e - 2 potions of brilliance
 f - 2 potions of attraction {unknown}
 k - 3 potions of might {unknown}
 l - 3 potions of heal wounds
 n - 4 potions of curing
 p - a potion of cancellation
 t - a potion of lignification {unknown}
 u - 3 potions of enlightenment
 x - a potion of mutation {unknown}
 D - a potion of ambrosia {unknown}
 F - a potion of degeneration {unknown}
Miscellaneous
 E - a lightning rod (2/4)


   Skills:
 + Level 7.8 Fighting
 * Level 10.4 Ranged Weapons
 + Level 7.1 Dodging
 + Level 6.6 Stealth
 + Level 3.3 Invocations
 + Level 8.4 Evocations


You had 10 spell levels left.
You didn't know any spells.
Your spell library contained the following spells:

 Spells                   Type           Power      Damage    Failure   Level
 Sting                    Conj/Alch      0%         1d3       45%         1
 Cigotuvi's Dreadful Rot  Necr/Alch/Air  0%         N/A       61%         2
 Ensorcelled Hibernation  Hex/Ice        0%         N/A       61%         2
 Mercury Vapours          Alch/Air       0%         N/A       61%         2
 Static Discharge         Conj/Air       0%         3-3/arc   61%         2
 Sublimation of Blood     Necr           0%         N/A       61%         2
 Frozen Ramparts          Ice            0%         1d1       83%         3
 Fugue of the Fallen      Necr           0%         N/A       83%         3
 Ozocubu's Armour         Ice            0%         N/A       83%         3
 Passwall                 Erth           0%         N/A       83%         3
 Volatile Blastmotes      Fire/Tloc      0%         2d10      83%         3
 Airstrike                Air            0%         2d(0-16)  99%         4
 Anguish                  Hex/Necr       0%         N/A       99%         4
 Dispel Undead            Necr           0%         3d6       99%         4
 Olgreb's Toxic Radiance  Alch           0%         N/A       99%         4
 Metabolic Englaciation   Hex/Ice        0%         N/A       100%        5
 Bombard                  Conj/Erth      0%         9d1       100%        6
 Call Imp                 Summ           Unusable   N/A       N/A         2
 Martyr's Knell           Necr/Summ      Unusable   N/A       N/A         4
 Summon Lightning Spire   Summ/Air       Unusable   N/A       N/A         4
 Summon Hydra             Summ           Unusable   N/A       N/A         7

Dungeon Overview and Level Annotations

Branches:
Dungeon (9/15)             Temple (1/1) D:7            Lair (2/5) D:8
  Swamp: Lair:2-3    Shoals: Lair:2-3     Snake: Lair:2-3    Spider: Lair:2-3
    Orc: D:9-12

Altars:
Ashenzari
Cheibriados
Dithmenos
Elyvilon
Fedhas
Gozag
Hepliaklqana
Kikubaaqudgha
Makhleb
Nemelex Xobeh
Okawaru
Qazlal
Ru
Sif Muna
Trog
Uskayaw
Vehumet
Wu Jian
Xom
Yredelemnul
Zin
The Shining One

Shops:
D:1 *

Portals:
Abyss: D:4

Annotations:
D:4 2 transporters, ezpacito's ghost, amateur CoCK
D:9 Amaemon; Harold


Innate Abilities, Weirdness & Mutations

You can wield a second weapon in your off-hand.
It takes a long time for you to wield or remove held weapons.
Your first few attacks do less damage.
You cannot equip rings or amulets.


Message History

You shoot a sling bullet.
The sling bullet hits the steam dragon but does no damage.
The steam dragon is heavily wounded.
A nearby fungus withers and dies.
The steam dragon misses you.
The steam dragon claws you but does no damage.
The blink frog hits you!
The blink frog blinks!
You shoot a sling bullet.
The sling bullet hits the steam dragon but does no damage.
The steam dragon is heavily wounded.
You shoot a sling bullet. The sling bullet hits the steam dragon.
The steam dragon is severely wounded.
The blink frog closely misses you. The blink frog barely misses you.
The steam dragon closely misses you. The steam dragon barely misses you.
The blink frog blinks!
The steam dragon breathes steam at you. The ball of steam hits you!
The blink frog hits you but does no damage.
You hear a roar!
You hear a shout! x2
Unknown command.
The steam dragon bites you.
The steam dragon claws you but does no damage.
The blink frog blinks!
The blink frog is engulfed in a cloud of scalding steam.
The blink frog is engulfed in a cloud of scalding steam.
The blink frog attacks as it pursues you!
The blink frog hits you.
The blink frog hits you but does no damage.
The blink frog attacks as it pursues you!
The blink frog hits you!
* * * LOW HITPOINT WARNING * * *
You shoot a sling bullet. The sling bullet hits the blink frog.
The blink frog is moderately wounded.
You shoot a sling bullet. The sling bullet hits the blink frog!
The blink frog is severely wounded.
The blink frog hits you!
* * * LOW HITPOINT WARNING * * *
The blink frog blinks!
The steam dragon breathes steam at you. The ball of steam hits you!
You die...

.... .... ## #.P. .#
P.## .## ..P# .P########
###..# ##
......#..###.#.# #P##
.......§.F.....##P..#P#.
....#..####.#.D§@.......
<...#### ####.P########
....# #...# ....# #...##
....# #...# ..>.# #.#..#
....# ###.## ....# #.
.....


You could see a blink frog and a steam dragon (catching breath).

Vanquished Creatures
  A centaur warrior (D:9)
  A two-headed ogre (D:9)
  Erica (D:8)
  A manticore (D:8)
  Maurice (D:7)
  An elephant (D:8)
  A kobold demonologist (D:9)
  5 cane toads
  2 komodo dragons (Lair:1)
  2 raiju (D:7)
  A shadow (D:9)
  A wyvern (Lair:1)
  4 yaks
  An acid dragon (D:9)
  9 water moccasins
  4 black bears
  A sky beast (D:3)
  2 wolves (D:9)
  2 ogres
  A centaur (D:9)
  2 phantoms (D:6)
  3 kobold brigands (D:8)
  13 bullfrogs
  A gnoll sergeant (D:9)
  3 scorpions
  6 wights
  4 killer bees (D:9)
  5 electric eels (D:7)
  4 bombardier beetles
  5 hounds
  A jelly (D:4)
  3 orc priests
  4 iguanas
  2 sleepcaps
  Jessica (D:2)
  Ijyb (D:3)
  4 orc wizards
  8 adders
  A gnoll (D:7)
  2 white imps (D:7)
  A dart slug (D:2)
  A ribbon worm (D:3)
  28 orcs
  3 ball pythons
  4 endoplasms (D:3)
  4 giant cockroaches
  3 goblins
  9 hobgoblins
  9 jackals
  2 quokkas (D:2)
  5 bats
  2 frilled lizards
  21 kobolds
  6 rats
213 creatures vanquished.

Notes
Turn   | Place    | Note
-------+----------+-------------------------------------------
     0 | D:1      | runemasterragnar the Coglin Hunter began the quest for the
                  | Orb.
     0 | D:1      | Reached XP level 1. HP: 16/16 MP: 1/1
   301 | D:1      | Reached skill level 1 in Stealth
   355 | D:1      | Reached XP level 2. HP: 22/22 MP: 2/2
   559 | D:1      | Found Afuuc's Assorted Antiques.
   942 | D:2      | Noticed Jessica
   945 | D:2      | Killed Jessica
   946 | D:2      | Reached skill level 4 in Ranged Weapons
   946 | D:2      | Reached XP level 3. HP: 19/28 MP: 3/3
  1064 | D:2      | Noticed an ogre
  1070 | D:2      | Killed an ogre
  1071 | D:2      | Reached XP level 4. HP: 34/34 MP: 4/4
  1071 | D:2      | Reached XP level 5. HP: 40/40 MP: 5/5
  1651 | D:3      | Found a stormy altar of Qazlal.
  1651 | D:3      | Noticed a sky beast
  1665 | D:3      | Killed a sky beast
  1666 | D:3      | Reached skill level 5 in Ranged Weapons
  1666 | D:3      | Reached XP level 6. HP: 21/47 MP: 6/6
  2201 | D:3      | Found an ancient bone altar of Kikubaaqudgha.
  2204 | D:3      | Noticed Ijyb
  2211 | D:3      | Killed Ijyb
  2317 | D:3      | Found an ornate altar of the Wu Jian Council.
  2470 | D:4      | Reached XP level 7. HP: 52/52 MP: 7/7
  2497 | D:4      | Found a transporter.
  2498 | D:4      | Found a transporter.
  2518 | D:4      | Noticed ezpacito's ghost (amateur CoCK)
  2532 | D:4      | Found a one-way gate to the infinite horrors of the Abyss.
  2732 | D:4      | Reached skill level 1 in Evocations
  2956 | D:4      | Found a hazy altar of Hepliaklqana.
  2988 | D:5      | Entered Level 5 of the Dungeon
  3108 | D:5      | Reached skill level 6 in Ranged Weapons
  3318 | D:5      | Reached XP level 8. HP: 60/60 MP: 8/8
  3522 | D:5      | Found a glowing silver altar of Zin.
  3545 | D:5      | Found a hide-covered altar of Uskayaw.
  3550 | D:5      | Found a shimmering blue altar of Sif Muna.
  3615 | D:5      | Found a burning altar of Makhleb.
  3652 | D:5      | Reached skill level 7 in Ranged Weapons
  4196 | D:6      | Reached skill level 5 in Fighting
  4196 | D:6      | Reached XP level 9. HP: 55/68 MP: 9/9
  4456 | D:6      | Found a radiant altar of Vehumet.
  4896 | D:7      | Found a shadowy altar of Dithmenos.
  5177 | D:7      | Reached skill level 5 in Evocations
  5181 | D:7      | Reached skill level 5 in Dodging
  5329 | D:7      | Reached skill level 8 in Ranged Weapons
  5477 | D:7      | Noticed Maurice
  5487 | D:7      | Something stole 120 gold
  5489 | D:7      | Something stole 193 gold
  5494 | D:7      | Killed Maurice
  5594 | D:7      | Found a staircase to the Ecumenical Temple.
  5636 | Temple   | Entered the Ecumenical Temple
  5884 | D:7      | Reached skill level 5 in Stealth
  5964 | D:7      | HP: 3/69 [electric eel/bolt of electricity (13)]
  6291 | D:7      | Reached XP level 10. HP: 43/76 MP: 10/10
  6648 | D:7      | Found an iron altar of Okawaru.
  6688 | D:7      | Became a worshipper of Warmaster Okawaru
  6720 | D:8      | Noticed an elephant
  6889 | D:8      | Found a sacrificial altar of Ru.
  6893 | D:8      | Found a white marble altar of Elyvilon.
  6893 | D:8      | Found a snail-covered altar of Cheibriados.
  6894 | D:8      | Found a sparkling altar of Nemelex Xobeh.
  7080 | D:8      | Killed an elephant
  7213 | D:8      | Reached skill level 1 in Invocations
  7287 | D:8      | Noticed Erica
  7293 | D:8      | Killed Erica
  7293 | D:8      | Reached * piety under Okawaru
  7294 | D:8      | Reached skill level 9 in Ranged Weapons
  7484 | D:8      | Noticed a manticore
  7493 | D:8      | Killed a manticore
  7633 | D:8      | Identified the ring "Haliof" {rC+ Will+ Int+6}
  7661 | D:8      | Found a staircase to the Lair.
  7677 | D:8      | Reached ** piety under Okawaru
  7907 | D:9      | Noticed a kobold demonologist
  7909 | D:9      | Killed a kobold demonologist
  7909 | D:9      | Noticed a centaur warrior
  7919 | D:9      | Killed a centaur warrior
  7920 | D:9      | Reached XP level 11. HP: 14/84 MP: 12/12
  7923 | D:9      | HP: 3/84 [centaur/arrow (12)]
  8170 | D:9      | Noticed a two-headed ogre
  8198 | D:9      | Killed a two-headed ogre
  8198 | D:9      | Reached *** piety under Okawaru
  8485 | D:9      | Noticed a two-headed ogre
  8492 | D:9      | Noticed Amaemon
  8497 | D:9      | Noticed Harold
  8669 | D:9      | Found an opulent altar of Gozag.
  8898 | Lair:1   | Entered Level 1 of the Lair of Beasts
  8973 | Lair:1   | Reached skill level 10 in Ranged Weapons
  9377 | Lair:1   | HP: 2/84 [poisoned by a cane toad]
 10285 | Lair:1   | Reached **** piety under Okawaru
 11577 | Lair:2   | Noticed an eight-headed hydra
 11596 | Lair:2   | Killed from afar by a steam dragon

Illustrated notes

Levels and vault maps discovered:
D:1:      dpeg_arrival_erosion, layout_loops_corners, serial_shops,
          nicolae_lakefront_shop
D:2:      layout_loops_ring, roderic_cross_of_infinity, minmay_tripent,
          uniq_jessica
D:3:      layout_basic, kiku_gazebo_pond_becter, nzn_wu_jian_council_hall,
          nicolae_qazlal_beasts_of_the_sky, corexii_leaking_fountain, uniq_ijyb
D:4:      layout_cave_pools, kennysheep_mini_moat,
          gammafunk_ghost_abyssal_escape
D:5:      layout_rooms, overflow_temple_1_default,
          nicolae_overflow_hidden_temple, amcnicky_mini_rare_corridor_liquid,
          minivault_25, kennysheep_generic_room_16
D:6:      nicolae_cairo_tiling, layout_gridville, old_standard_altar,
          hangedman_decor_push
D:7:      layout_rooms, nicolae_dithmenos_shadow_blocks,
          okawaru_altar_gauntlet_db, temple_pool_b,
          nicolae_have_a_lightning_rod, uniq_maurice
D:8:      layout_cave_pods, grunt_temple_overflow_open,
          grunt_lair_entry_orc_guard_hut, uniq_erica
D:9:      layout_long_grid, grunt_gozag_breadcrumbs, lightli_fourway_metalbox,
          uniq_harold, uniq_psyche, uniq_jeremiah, uniq_erolcha, uniq_grum,
          uniq_amaemon
Temple:   hellmonk_temple_two_chambers
Lair:1:   layout_cave_pods
Lair:2:   layout_roguey, mainiacjoe_swamp_entry_angry_trees,
          minmay_snake_entry_guardpost_small, minmay_holes

Skill      XL: |  1  2  3  4  5  6  7  8  9 10 11 |
---------------+----------------------------------+-----
Stealth        | 1 2 3 4 5 6 |  6.6
Dodging        | 2 3 4 5 6 7 |  7.1
Ranged Weapons | 4 5 6 7 8 9 10 | 10.4
Fighting       | 3 4 5 6 7 |  7.8
Evocations     | 2 4 5 7 8 |  8.4
Invocations    | 2 3 |  3.3

Action                     |  1- 3 |  4- 6 |  7- 9 | 10-12 || total
---------------------------+-------+-------+-------+-------++-------
   Fire: Sling             |    86 |   280 |   628 |   638 ||  1632
 Invoke: Heroism           |       |       |       |     2 ||     2
  Evoke: Wand              |       |     1 |    12 |    19 ||    32
         Lightning rod     |       |       |       |    13 ||    13
    Use: Potion            |       |     3 |       |     5 ||     8
         Scroll            |       |       |     4 |    11 ||    15
 Armour: Leather armour    |     3 |    51 |   107 |   126 ||   287
  Dodge: Dodged            |     2 |    20 |    79 |   139 ||   240

Table legend: (Time is in decaauts)
 A = Elapsed time spent in this place.
 B = Non-inter-level travel time spent in this place.
 C = Inter-level travel time spent in this place.
 D = Time resting spent in this place.
 E = Time spent auto-exploring this place.
 F = Levels seen in this place.
 G = Mean time per level.
                   A        B        C        D        E       F      G
               +--------+--------+--------+--------+--------+-----+--------+
         Total |  11654 |  11195 |    459 |   3565 |   6013 |  12 |  971.2 |
       Dungeon |   8967 |   8565 |    402 |   2021 |   5149 |   9 |  996.3 |
        Temple |      1 |      1 |      0 |      0 |      0 |   1 |    1.0 |
          Lair |   2684 |   2627 |     57 |   1544 |    864 |   2 | 1342.0 |
               +--------+--------+--------+--------+--------+-----+--------+

Top non-repeatable levels by time:
  Lair:1: 2527 daAuts
     D:7: 1650 daAuts
     D:8: 1482 daAuts
     D:5: 1143 daAuts
     D:6: 957 daAuts
     D:3: 912 daAuts
     D:1: 893 daAuts
     D:9: 704 daAuts
     D:2: 694 daAuts
     D:4: 528 daAuts
  Lair:2: 157 daAuts
  Temple: 1 daAuts
